Map: Galactic Process LE

Players

llllllllllll (Rail)

  • Race: Protoss Protoss
  • League: Master

llllllllllll - Winner!

  • Race: Zerg Zerg
  • League: Grandmaster

VOD

Have the link to the VOD?

Description

Time

  • Played on: Oct. 28, 2016, 7:46 a.m.
  • Length: 12:36
Show
View Real Time Build Order
Export as new Build Order

llllllllllll Protoss 

Build Orders: 1 Gate Expand, Zealot Archon 

Get SALT Encoding   

  12  0:02  Probe (Chrono Boost)  
  13  0:12  Probe (Chrono Boost)  
  14  0:18  Pylon  
  14  0:23  Probe (Chrono Boost)  
  15  0:36  Probe (Chrono Boost)  
  15  0:37  Gateway  
  16  0:43  Assimilator  
  16  0:46  Probe (Chrono Boost)  
  17  0:57  Probe (Chrono Boost)  
  18  1:08  Probe (Chrono Boost)  
  19  1:20  Nexus, Unknown  
  19  1:29  Cybernetics Core  
  19  1:33  Probe (Chrono Boost)  
  20  1:42  Assimilator  
  20  1:43  Probe (Chrono Boost)  
  21  1:50  Pylon  
  22  1:54  Probe (Chrono Boost)  
  22  2:05  Probe (Chrono Boost)  
  22  2:08  Adept, Warp Gate  
  25  2:15  Probe (Chrono Boost)  
  26  2:26  Probe (Chrono Boost)  
  27  2:32  Unknown  
  27  2:34  Mothership Core (Chrono Boost)  
  27  2:35  Stalker  
  27  2:36  Probe (Chrono Boost)  
  32  2:47  Probe (Chrono Boost)  
  33  2:53  Probe (Chrono Boost)  
  33  2:56  Twilight Council  
  33  2:57  Probe (Chrono Boost)  
  35  3:03  Probe (Chrono Boost)  
  35  3:05  Adept  
  38  3:08  Probe (Chrono Boost)  
  39  3:14  Probe (Chrono Boost)  
  39  3:16  Robotics Facility  
  39  3:18  Probe (Chrono Boost)  
  41  3:23  Gateway  
  41  3:24  Probe (Chrono Boost)  
  42  3:28  Pylon  
  42  3:30  Probe (Chrono Boost)  
  42  3:33  Resonating Glaives  
  43  3:35  Probe (Chrono Boost)  
  43  3:40  Assimilator  
  45  3:41  Probe (Chrono Boost)  
  45  3:46  Probe (Chrono Boost)  
  46  3:52  Probe (Chrono Boost)  
  46  3:55  Gateway  
  47  3:58  Gateway  
  47  3:59  Pylon  
  47  4:01  Probe (Chrono Boost)  
  47  4:02  Probe (Chrono Boost)  
  49  4:08  Warp Prism  
  51  4:12  Probe (Chrono Boost)  
  51  4:13  Assimilator  
  52  4:23  Probe x2 (Chrono Boost)  
  54  4:26  Dark Shrine  
  54  4:29  Adept  
  54  4:30  Adept  
  58  4:34  Probe x2 (Chrono Boost)  
  58  4:35  Pylon  
  60  4:44  Observer, Probe (Chrono Boost)  
  62  4:51  Pylon  
  62  4:54  Probe (Chrono Boost)  
  62  4:55  Nexus, Unknown  
  63  5:06  Pylon  
  63  5:09  Adept x3  
  63  5:15  Adept x2  
  63  5:16  Adept x2  
  73  5:21  Probe x2 (Chrono Boost)  
  73  5:25  Pylon  
  73  5:33  Probe (Chrono Boost), Immortal  
  79  5:38  Dark Templar x2  
  79  5:39  Dark Templar  
  79  5:41  Dark Templar  
  86  5:44  Probe (Chrono Boost), Archon  
  86  5:49  Archon  
  87  5:52  Probe (Chrono Boost)  
  87  5:53  Pylon  
  88  5:57  Blink  
  88  5:59  Probe (Chrono Boost), Pylon  
  88  6:02  Probe (Chrono Boost)  
  90  6:07  Unknown, Pylon  
  90  6:09  Probe (Chrono Boost)  
  91  6:13  Probe x2 (Chrono Boost)  
  91  6:15  Assimilator  
  91  6:17  Sentry, Assimilator  
  95  6:20  Probe (Chrono Boost)  
  95  6:21  Immortal  
  95  6:23  Probe (Chrono Boost)  
  101  6:27  Probe (Chrono Boost)  
  101  6:30  Adept  
  101  6:31  Adept  
  94  6:34  Probe x2 (Chrono Boost)  
  94  6:39  Probe (Chrono Boost)  
  93  6:43  Dark Templar x2  
  93  6:45  Probe (Chrono Boost)  
  97  6:51  Probe x2 (Chrono Boost)  
  99  6:58  Probe (Chrono Boost)  
  96  7:02  Probe (Chrono Boost), Immortal  
  96  7:08  Probe (Chrono Boost), Robotics Facility  
  102  7:09  Probe (Chrono Boost)  
  102  7:13  Probe (Chrono Boost), Stalker  
  106  7:19  Probe (Chrono Boost)  
  107  7:26  Probe (Chrono Boost), Forge x2  
  108  7:31  Probe (Chrono Boost)  
  108  7:33  Probe (Chrono Boost)  
  100  7:38  Probe (Chrono Boost)  
  100  7:44  Protoss Shields Level 1, Protoss Ground Weapons Level 1  
  100  7:51  Sentry, Zealot x2  
  106  7:52  Immortal  
  106  7:57  Charge  
  106  7:58  Pylon  
  110  8:00  Immortal  
  114  8:10  Pylon  
  114  8:13  Photon Cannon  
  114  8:20  Pylon  
  114  8:22  Photon Cannon  
  114  8:25  Pylon  
  114  8:31  Immortal  
  118  8:34  Immortal  
  122  8:43  Gateway  
  122  8:44  Pylon  
  122  8:45  Gateway  
  122  8:49  Gateway  
  122  8:59  Gateway  
  122  9:00  Gateway  
  122  9:01  Dark Templar x2  
  126  9:08  Archon  
  126  9:10  Observer  
  126  9:11  Observer, Dark Templar x2  
  126  9:16  Probe x2 (Chrono Boost), Archon  
  119  9:18  Probe (Chrono Boost)  
  119  9:22  Protoss Ground Weapons Level 2  
  119  9:26  Protoss Ground Armor Level 1  
  119  9:28  Probe (Chrono Boost)  
  119  9:29  Probe (Chrono Boost)  
  119  9:30  Probe (Chrono Boost)  
  122  9:35  Gateway  
  122  9:36  Pylon  
  122  9:40  Probe (Chrono Boost)  
  122  9:41  Probe (Chrono Boost)  
  124  9:54  Immortal  
  124  9:58  Immortal  
  111  10:18  Dark Templar x2  
  108  10:22  Probe x3 (Chrono Boost), Archon  
  108  10:26  Pylon  
  108  10:28  Sentry  
  108  10:34  Dark Templar x2  
  114  10:38  Probe x2 (Chrono Boost)  
  114  10:40  Archon  
  116  10:46  Immortal  
  116  10:47  Sentry  
  116  10:49  Immortal  
  126  11:05  Dark Templar x2  
  126  11:09  Archon  
  126  11:10  Dark Templar x2  
  134  11:14  Archon  
  134  11:25  Sentry  
  123  11:44  Probe x2 (Chrono Boost)  
  123  11:46  Adept  
  123  11:47  Adept  
  125  11:52  Probe (Chrono Boost)  
  122  11:54  Immortal  
  122  11:56  Probe x2 (Chrono Boost)  
  122  11:57  Robotics Facility  
  128  12:14  Dark Templar x2  
  132  12:17  Sentry x2  
  134  12:25  Adept x3  
  134  12:31  Robotics Facility  
Show
View Real Time Build Order
Export as new Build Order

llllllllllll Zerg - Winner!

Build Orders: Hatch First 

Get SALT Encoding   

  12  0:01  Drone  
  13  0:13  Overlord  
  13  0:17  Drone  
  14  0:31  Drone x2  
  16  0:49  Unknown, Hatchery  
  15  0:51  Drone  
  16  0:58  Drone x2  
  18  1:11  Extractor  
  18  1:14  Spawning Pool  
  18  1:17  Drone  
  17  1:20  Drone  
  18  1:28  Drone  
  19  1:39  Overlord  
  19  1:50  Drone  
  20  2:00  Queen, Unknown  
  22  2:02  Zergling x2  
  22  2:04  Queen, Drone  
  26  2:11  Metabolic Boost  
  26  2:12  Drone  
  26  2:13  Drone  
  28  2:24  Drone x2  
  30  2:37  Unknown, Hatchery  
  29  2:41  Drone  
  29  2:43  Overlord  
  30  2:49  Zergling x4  
  32  2:54  Drone  
  32  2:55  Pneumatized Carapace  
  33  2:59  Drone  
  34  3:06  Drone x2  
  34  3:09  Drone x2  
  34  3:11  Drone  
  39  3:15  Overlord  
  39  3:18  Drone  
  40  3:21  Zergling x4  
  40  3:26  Drone  
  43  3:29  Drone  
  44  3:34  Zergling x2  
  45  3:47  Drone x3  
  45  3:48  Queen, Unknown  
  47  3:53  Drone x4  
  53  4:00  Baneling Nest, Evolution Chamber  
  51  4:08  Queen  
  51  4:09  Overlord x2  
  53  4:14  Drone x3  
  56  4:21  Drone x2  
  58  4:29  Zergling x10  
  58  4:30  Lair, Zergling x4  
  65  4:36  Extractor  
  64  4:39  Overlord  
  64  4:41  Queen  
  64  4:43  Zerg Melee Weapons Level 1  
  64  4:44  Spine Crawler  
  65  4:46  Drone x3  
  65  4:49  Drone x2  
  70  4:55  Baneling  
  70  4:56  Baneling  
  70  4:57  Drone x3  
  70  4:58  Overlord  
  70  4:59  Overlord  
  73  5:03  Zergling x8  
  77  5:12  Overlord  
  77  5:16  Baneling x2  
  77  5:17  Zergling x8  
  77  5:18  Queen  
  83  5:23  Baneling  
  83  5:26  Baneling  
  83  5:27  Zergling x16  
  91  5:34  Spore Crawler, Drone, Overseer  
  91  5:36  Spore Crawler  
  91  5:37  Extractor  
  91  5:38  Drone x2  
  91  5:39  Baneling  
  91  5:43  Drone  
  91  5:44  Drone x4  
  91  5:47  Spore Crawler  
  95  5:50  Overlord  
  95  6:02  Zergling x12, Roach Warren  
  100  6:08  Queen  
  101  6:12  Drone x2  
  101  6:13  Extractor, Drone  
  101  6:15  Overlord  
  101  6:17  Drone x2  
  105  6:20  Overlord  
  105  6:21  Drone  
  105  6:25  Unknown, Hatchery  
  105  6:32  Drone x2  
  104  6:40  Overlord  
  104  6:43  Zerg Melee Weapons Level 2, Glial Reconstitution  
  104  6:49  Extractor, Drone x3  
  104  6:50  Drone x2  
  104  6:51  Drone x2  
  104  6:53  Extractor  
  109  6:59  Centrifical Hooks  
  109  7:02  Infestation Pit, Drone x3  
  109  7:03  Drone x4  
  109  7:04  Unknown, Hatchery  
  114  7:17  Roach x7  
  114  7:18  Overlord x2  
  114  7:20  Overlord  
  128  7:26  Drone  
  129  7:33  Drone  
  129  7:34  Overlord  
  130  7:37  Unknown  
  130  7:42  Drone x6  
  136  7:45  Spore Crawler  
  136  7:46  Hive  
  136  7:47  Extractor x2, Spire, Drone x4  
  136  7:54  Roach x3  
  136  7:56  Overlord  
  142  8:02  Zergling x8  
  145  8:14  Zergling x20  
  145  8:16  Unknown, Ravager x6  
  145  8:17  Overlord  
  161  8:25  Zergling x16  
  169  8:30  Drone  
  169  8:31  Spore Crawler  
  171  8:34  Drone x2  
  171  8:36  Baneling x3  
  171  8:40  Ravager x4  
  175  8:44  Zergling x16  
  183  8:51  Baneling x13  
  183  8:56  Unknown, Hatchery  
  183  9:02  Zergling x2  
  183  9:03  Zergling x12  
  183  9:07  Overlord  
  188  9:16  Baneling x15  
  188  9:17  Baneling x3  
  184  9:19  Overlord  
  184  9:20  Greater Spire  
  184  9:21  Overlord  
  184  9:23  Overlord  
  184  9:24  Overlord  
  184  9:26  Baneling  
  184  9:27  Baneling x7  
  184  9:28  Baneling  
  184  9:39  Adrenal Glands  
  184  9:44  Drone x2  
  184  9:45  Drone  
  187  9:46  Drone  
  187  9:48  Corruptor x2  
  192  9:53  Zergling x2  
  192  9:54  Zergling x14  
  192  9:56  Overlord  
  192  9:57  Overlord  
  187  10:08  Unknown  
  156  10:18  Zergling x4  
  156  10:19  Zergling x46  
  172  10:24  Corruptor x4  
  172  10:25  Extractor  
  179  10:31  Baneling x8  
  179  10:32  Baneling x4  
  178  10:44  Brood Lord x2  
  182  10:51  Corruptor x2  
  182  10:56  Zergling x2  
  182  10:57  Zergling x18  
  196  10:59  Overlord  
  194  11:07  Brood Lord x2  
  198  11:11  Unknown, Hatchery  
  198  11:13  Brood Lord  
  179  11:41  Brood Lord x2  
  179  11:42  Brood Lord  
  179  11:43  Zergling x32  
  198  11:49  Zergling x6  
  197  11:59  Spore Crawler  
  196  12:04  Baneling x9  
  196  12:05  Baneling x15  
  196  12:16  Baneling x6  
  196  12:17  Baneling x4  
  187  12:22  Unknown  
Tags
 
Add a new tag
Caveats
  • Supply blocks, unpowered buildings, or Contaminate may cause inaccurate times.
  • Supply counts are checked every 10 seconds.